Map: Divergence LE

Players

Seva

  • Race: Terran Terran
  • League: Silver
  • Spawn Location: 5:00

Odin

  • Race: Terran Terran
  • League: Silver
  • Spawn Location: 5:00

Nigrnog - Winner!

  • Race: Zerg Zerg
  • League: Silver
  • Spawn Location: 11:00

MooEsqoo - Winner!

  • Race: Zerg Zerg
  • Spawn Location: 11:00

VOD

Have the link to the VOD?

Description

Time

  • Played on: Dec. 20, 2019, 8:43 a.m.
  • Length: 23:54
Show
View Real Time Build Order
Export as new Build Order

Seva Terran 

Build Orders:  

Get SALT Encoding   

  12  0:01  SCV  
  13  0:22  SCV  
  13  0:23  Supply Depot  
  13  0:26  Refinery  
  14  0:42  SCV  
  15  0:49  Barracks  
  15  0:56  Refinery  
  16  0:57  SCV  
  16  1:14  SCV  
  17  1:26  SCV  
  18  1:38  SCV  
  18  1:39  Engineering Bay  
  19  1:50  SCV  
  20  2:01  Marine  
  20  2:02  SCV  
  22  2:14  Missile Turret, SCV  
  23  2:21  Missile Turret  
  23  2:48  Missile Turret, Hi-Sec Auto Tracking  
  23  2:52  Missile Turret  
  23  2:55  Missile Turret  
  23  2:59  Missile Turret  
  23  3:27  Missile Turret  
  23  3:28  Factory  
  23  3:30  Supply Depot  
  23  3:33  Supply Depot  
  23  4:06  Supply Depot  
  23  4:10  Supply Depot  
  23  4:14  Starport  
  23  4:15  Factory Tech Lab  
  23  4:30  Armory  
  23  4:35  Armory  
  23  4:59  Starport Reactor  
  23  5:07  Starport  
  23  5:44  Starport Tech Lab  
  23  6:01  Viking x2  
  23  6:03  Terran Ship Weapons Level 1, Terran Vehicle And Ship Armor Level 1  
  27  6:04  Smart Servos  
  27  6:06  Raven  
  29  6:12  Starport  
  29  6:44  Command Center  
  29  7:03  Orbital Command  
  29  7:06  Starport Reactor  
  29  7:27  Refinery x2  
  29  7:32  Viking x2  
  29  7:33  Viking  
  35  7:55  Viking x2  
  35  8:02  Viking  
  32  8:27  Viking  
  32  8:28  SCV  
  32  8:30  SCV  
  36  8:42  SCV  
  37  8:50  Siege Tank  
  37  8:54  SCV  
  41  9:06  SCV  
  42  9:18  SCV  
  42  9:22  Siege Tank  
  46  9:30  SCV  
  47  9:42  SCV, Viking x3  
  54  9:54  SCV, Siege Tank  
  58  10:07  SCV  
  59  10:19  SCV, Viking  
  59  10:20  Viking x2  
  66  10:44  Viking x2  
  70  10:52  Terran Vehicle And Ship Armor Level 2, Terran Ship Weapons Level 2  
  70  11:04  Supply Depot  
  70  11:05  Supply Depot  
  70  11:10  Supply Depot  
  70  11:12  Supply Depot  
  70  11:18  Supply Depot  
  70  11:25  Viking x2  
  74  11:28  SCV  
  75  11:41  SCV  
  76  11:49  Viking  
  76  11:50  Viking  
  80  12:01  Viking x2  
  84  12:43  Viking  
  84  12:44  Viking x4  
  62  13:13  Viking  
  62  13:14  Viking x3  
  70  14:13  Viking x3  
  70  14:14  Viking x2  
  80  14:43  Viking  
  76  14:51  Viking  
  76  14:52  Viking x3  
  76  15:15  Terran Ship Weapons Level 3  
  76  15:36  Viking x2  
  74  15:54  Viking x2  
  68  16:05  Viking  
  70  16:14  SCV  
  71  16:26  SCV  
  72  16:38  SCV  
  61  17:07  Fusion Core  
  61  17:09  Viking  
  61  17:10  Viking x4  
  71  17:23  Command Center  
  71  17:39  Viking  
  71  17:40  Viking x4  
  79  18:09  Viking  
  79  18:11  Viking x4  
  77  18:39  Viking  
  77  18:41  Viking x2  
  81  18:46  Viking  
  85  19:23  Siege Tank  
  88  19:28  Supply Depot  
  88  19:39  Command Center  
  78  20:32  Viking  
  45  21:45  SCV  
  46  21:57  SCV  
  47  22:07  Viking  
  49  22:09  SCV  
  50  22:22  SCV  
  51  22:34  SCV  
  52  22:46  SCV  
  52  22:50  Refinery  
  51  22:57  Refinery  
  51  22:58  SCV  
  52  23:05  Refinery  
  52  23:08  Refinery  
  52  23:10  SCV  
  53  23:22  SCV  
  54  23:34  SCV  
Show
View Real Time Build Order
Export as new Build Order

Odin Terran 

Build Orders: 1/1/1 

Get SALT Encoding   

  12  0:01  SCV  
  13  0:14  Supply Depot  
  13  0:20  SCV  
  14  0:32  Refinery  
  14  0:40  Barracks  
  15  0:42  SCV  
  15  0:51  Refinery  
  15  0:54  SCV  
  16  1:07  SCV  
  17  1:19  SCV  
  18  1:31  SCV  
  19  1:37  Factory  
  19  1:39  Marine  
  20  1:43  SCV  
  21  1:50  Supply Depot  
  21  1:55  SCV  
  22  2:03  Marine  
  23  2:12  SCV  
  23  2:13  Supply Depot  
  24  2:25  Starport  
  24  2:27  Widow Mine  
  26  2:30  Marine  
  26  2:32  SCV  
  28  2:44  SCV  
  29  2:56  SCV  
  30  3:10  Fusion Core  
  30  3:12  Starport Tech Lab  
  30  3:15  Orbital Command  
  30  3:17  Factory Tech Lab  
  30  3:18  Marine  
  31  3:36  Marine  
  31  3:40  Refinery  
  32  3:44  Refinery  
  32  3:50  Engineering Bay  
  32  3:59  Battlecruiser  
  38  4:13  Barracks Tech Lab  
  38  4:27  Supply Depot  
  38  4:35  Weapon Refit  
  38  4:44  Sensor Tower  
  38  4:53  Starport  
  38  5:00  Armory  
  38  5:45  Starport Tech Lab  
  38  5:47  Battlecruiser  
  44  6:13  SCV  
  45  6:25  SCV  
  46  6:28  Command Center  
  46  7:39  Battlecruiser  
  31  8:02  Battlecruiser  
  31  8:03  SCV  
  30  8:16  SCV  
  31  8:28  SCV  
  32  8:40  SCV  
  33  8:50  Supply Depot  
  33  8:52  SCV  
  33  8:53  Sensor Tower  
  16  9:37  Missile Turret  
  16  9:40  Viking x2  
  20  9:50  SCV  
  21  10:02  SCV  
  23  10:14  SCV  
  23  10:18  Orbital Command  
  23  10:21  Viking  
  25  10:37  Terran Ship Weapons Level 1  
  25  10:50  Medivac  
  25  10:52  Marine  
  28  10:58  Stimpack  
  28  11:00  SCV x2  
  30  11:10  Marine  
  31  11:12  SCV x2  
  33  11:24  SCV x2  
  35  11:28  Marine  
  36  11:36  SCV x2, Viking  
  40  11:45  Marine  
  41  11:48  SCV x2  
  43  12:00  SCV  
  43  12:01  SCV  
  45  12:03  Command Center  
  45  12:12  SCV  
  45  12:13  SCV  
  47  12:24  SCV  
  47  12:25  SCV, Viking  
  51  12:31  Terran Vehicle And Ship Armor Level 1  
  51  12:32  Viking  
  51  12:37  SCV x2  
  37  14:07  Viking x2  
  35  14:19  Marine  
  35  14:21  Cyclone  
  39  14:34  Starport  
  39  14:36  Marine  
  39  14:37  Viking x2  
  39  14:38  Starport  
  44  14:53  Cyclone  
  44  14:54  Marine  
  48  15:04  Terran Ship Weapons Level 2  
  48  15:07  Viking  
  48  15:08  Battlecruiser  
  48  15:10  Orbital Command  
  48  15:12  Marine  
  57  15:25  Cyclone  
  60  15:30  Marine  
  61  15:38  Battlecruiser  
  65  15:47  SCV  
  64  15:52  SCV x2  
  66  15:58  Cyclone, Starport Tech Lab  
  66  15:59  Starport Tech Lab, SCV  
  70  16:04  SCV x2  
  72  16:11  SCV  
  72  16:12  Viking  
  67  16:24  SCV  
  62  16:30  Cyclone  
  60  16:36  SCV  
  55  16:41  Viking, Battlecruiser x2  
  55  16:42  Battlecruiser  
  69  17:02  Cyclone  
  69  17:06  Refinery x2  
  69  17:07  Marine  
  72  17:25  Marine  
  72  17:26  Sensor Tower  
  72  17:28  Missile Turret  
  72  17:30  Battlecruiser  
  67  18:14  Marine  
  67  18:15  Viking  
  67  18:18  Viking  
  62  18:39  Viking x2, Marine  
  67  18:45  Viking  
  69  18:48  Battlecruiser  
  75  18:57  Marine  
  74  19:54  Battlecruiser  
  80  20:04  Supply Depot  
  80  20:05  Supply Depot  
  80  20:06  Supply Depot  
  80  20:11  Supply Depot  
  80  20:12  Supply Depot  
  80  20:13  Supply Depot  
  79  20:43  Battlecruiser  
  77  21:27  Refinery  
  77  21:28  Refinery, Command Center  
  77  21:31  Missile Turret  
  61  21:32  Missile Turret  
  31  22:55  Marine  
  32  23:04  Orbital Command  
  32  23:09  Viking  
  34  23:14  Missile Turret  
  34  23:15  Missile Turret x3  
  34  23:16  Missile Turret  
  34  23:36  Missile Turret x2  
  34  23:37  Missile Turret  
  34  23:45  Command Center  
  34  23:47  Refinery  
  34  23:48  Refinery  
Show
View Real Time Build Order
Export as new Build Order

Nigrnog Zerg - Winner!

Build Orders: Pool First 

Get SALT Encoding   

  12  0:01  Drone  
  13  0:13  Overlord  
  13  0:17  Drone  
  14  0:37  Drone  
  15  0:43  Overlord  
  15  0:44  Drone  
  16  0:53  Drone  
  17  0:58  Spawning Pool  
  17  1:00  Drone  
  17  1:11  Extractor  
  17  1:12  Drone  
  17  1:28  Drone  
  17  1:32  Drone  
  19  1:36  Hatchery  
  18  1:43  Drone  
  19  1:47  Queen  
  19  1:53  Drone  
  22  2:03  Zergling x2  
  23  2:14  Zergling x2  
  24  2:36  Drone x2  
  26  2:38  Metabolic Boost  
  26  2:47  Queen  
  26  2:48  Drone  
  29  2:59  Roach Warren, Drone x2  
  30  3:06  Baneling Nest  
  30  3:07  Drone  
  30  3:18  Zergling x10  
  35  3:27  Overlord x2  
  35  3:37  Spine Crawler  
  34  3:49  Zergling x4  
  36  4:01  Lair  
  36  4:02  Drone x4  
  40  4:07  Overlord x2  
  40  4:23  Drone  
  40  4:24  Drone x3  
  44  4:27  Extractor  
  44  4:28  Extractor  
  44  4:31  Extractor  
  41  4:38  Hatchery  
  40  4:47  Drone x4  
  40  4:48  Drone  
  45  5:00  Drone x4  
  45  5:01  Drone  
  50  5:12  Glial Reconstitution  
  54  5:14  Roach x2  
  54  5:25  Spire  
  53  5:35  Zergling x6  
  55  5:36  Zergling x2  
  57  5:47  Zergling x4  
  57  5:48  Zergling x6  
  54  6:01  Roach x2  
  58  6:19  Infestation Pit  
  57  6:27  Queen  
  57  6:28  Drone x2  
  57  6:30  Queen  
  57  6:31  Drone x2  
  65  6:41  Extractor  
  64  6:48  Corruptor  
  66  6:54  Overlord x2  
  66  6:56  Overlord x3  
  66  6:57  Overlord x3  
  66  7:06  Queen  
  60  7:12  Corruptor x2  
  62  7:29  Corruptor x2  
  62  7:31  Corruptor  
  67  8:00  Corruptor x3  
  73  8:20  Corruptor x2  
  73  8:23  Corruptor  
  73  8:37  Drone x2  
  75  8:50  Spore Crawler  
  75  8:52  Spore Crawler  
  73  8:56  Queen  
  73  8:57  Drone x3  
  73  8:58  Drone  
  73  9:28  Zerg Flyer Weapons Level 1  
  73  9:35  Hive  
  73  9:39  Spire  
  73  9:41  Corruptor x4  
  80  9:57  Drone, Pneumatized Carapace  
  80  9:58  Drone x6  
  87  10:03  Drone  
  87  10:04  Drone x2  
  90  10:25  Drone x6  
  90  10:26  Hatchery  
  95  10:30  Drone x4  
  99  10:36  Extractor  
  99  10:38  Corruptor  
  99  10:39  Roach  
  99  10:40  Roach  
  104  11:04  Hatchery  
  103  11:16  Corruptor  
  105  11:27  Overlord x6  
  105  11:39  Drone x4  
  109  11:51  Drone x4  
  109  11:52  Drone x5  
  118  12:02  Hatchery  
  118  12:04  Corruptor x8  
  118  12:08  Greater Spire  
  133  12:11  Zerg Flyer Armor Level 1  
  133  12:15  Queen  
  102  12:59  Corruptor x3  
  102  13:00  Corruptor x6  
  114  13:10  Corruptor  
  108  13:25  Corruptor x2  
  106  13:39  Corruptor x2  
  108  13:43  Roach x2  
  108  13:44  Zergling x12  
  108  13:45  Zergling x12  
  121  14:00  Corruptor x2  
  113  14:17  Drone x3  
  116  14:29  Roach x4  
  116  14:30  Roach x7  
  125  15:21  Extractor  
  125  15:24  Drone x3  
  125  15:25  Extractor  
  126  15:31  Corruptor x7  
  135  15:48  Corruptor x2  
  135  16:02  Corruptor  
  124  16:24  Corruptor x2  
  124  16:25  Corruptor  
  121  16:37  Zergling x16  
  121  16:38  Zergling x4  
  122  17:00  Corruptor x2  
  122  17:01  Corruptor  
  126  17:03  Queen  
  130  17:13  Corruptor  
  130  17:14  Hatchery  
  131  17:19  Hatchery  
  130  17:41  Corruptor x2  
  130  17:43  Zergling x12  
  130  17:44  Zergling x8  
  96  18:28  Baneling x6  
  96  18:29  Baneling x7  
  96  18:30  Baneling x2  
  96  18:31  Baneling  
  92  18:41  Overlord x4  
  92  18:42  Overlord x4  
  58  19:16  Drone  
  58  19:17  Drone x2  
  59  19:32  Spawning Pool  
  58  19:40  Evolution Chamber  
  59  19:45  Drone x3  
  60  19:55  Drone x3  
  60  19:58  Hatchery  
  60  19:59  Extractor  
  61  20:08  Drone x3  
  64  20:20  Zergling x10  
  69  20:24  Lair  
  69  20:31  Drone x3  
  69  20:56  Drone  
  69  20:57  Drone x2  
  70  21:04  Extractor  
  66  21:07  Extractor  
  66  21:08  Queen  
  66  21:09  Queen  
  66  21:10  Spawning Pool  
  66  21:11  Zergling x2  
  69  21:13  Zergling x12  
  69  21:29  Zergling x2  
  61  21:39  Drone  
  62  21:43  Spire, Queen  
  62  21:46  Hydralisk Den  
  64  21:54  Lair  
  62  21:55  Drone x3  
  63  22:13  Drone  
  64  22:24  Drone x3  
  67  22:39  Hydralisk x2  
  67  22:40  Hydralisk x3, Hatchery  
  73  22:56  Hydralisk  
  75  23:02  Hydralisk x3  
  81  23:11  Hatchery  
  80  23:15  Hydralisk x4  
  88  23:21  Evolution Chamber  
  87  23:27  Extractor  
  86  23:38  Drone x4  
  86  23:39  Drone  
Show
View Real Time Build Order
Export as new Build Order

MooEsqoo Zerg - Winner!

Build Orders: Hatch First 

Get SALT Encoding   

  12  0:02  Drone  
  13  0:13  Overlord  
  13  0:17  Drone  
  14  0:40  Drone x3  
  17  0:54  Drone  
  18  1:04  Hatchery  
  18  1:08  Drone  
  18  1:13  Extractor  
  17  1:18  Spawning Pool  
  17  1:19  Drone  
  17  1:25  Drone  
  18  1:34  Overlord  
  18  1:45  Drone  
  19  1:59  Drone  
  20  2:05  Queen  
  22  2:16  Queen  
  22  2:18  Zergling x4  
  22  2:19  Drone  
  27  2:48  Drone  
  27  2:49  Drone  
  27  2:51  Drone x2  
  30  2:52  Overlord x2  
  31  3:07  Baneling Nest  
  30  3:19  Zergling x6  
  33  3:22  Zergling x2  
  33  3:23  Zergling x2  
  35  3:32  Drone x3  
  35  3:33  Roach Warren, Drone  
  35  3:34  Zergling x4  
  40  3:43  Drone x2  
  42  3:50  Queen x2  
  46  3:57  Baneling x2  
  46  3:58  Baneling x3  
  46  4:01  Drone  
  46  4:02  Drone  
  48  4:13  Metabolic Boost  
  48  4:26  Zergling x2  
  48  4:27  Zergling x4  
  48  4:29  Overlord x2  
  51  4:31  Zergling x2  
  52  4:56  Drone x4  
  52  4:57  Overlord  
  52  4:58  Zergling x2  
  57  5:14  Roach x2  
  57  5:15  Roach x3  
  59  5:31  Queen x2  
  53  6:19  Lair  
  49  6:42  Hatchery  
  48  6:47  Zergling x4  
  48  6:48  Zergling x2  
  48  6:52  Hatchery  
  48  6:53  Baneling  
  48  6:54  Baneling x4  
  50  6:59  Zergling x2  
  51  7:13  Zergling x2  
  38  8:12  Drone x4  
  38  8:13  Drone  
  32  8:32  Extractor  
  32  8:33  Drone x4  
  35  8:34  Extractor  
  34  8:58  Drone  
  34  8:59  Drone x5  
  34  9:00  Drone x2  
  40  9:05  Hatchery  
  36  9:19  Spawning Pool  
  35  9:40  Overlord  
  35  9:41  Overlord  
  35  9:42  Overlord  
  35  9:43  Drone x6  
  41  10:06  Queen  
  43  10:07  Queen  
  43  10:08  Queen  
  47  10:15  Extractor  
  47  10:16  Extractor  
  47  10:20  Extractor  
  44  10:21  Extractor  
  43  10:29  Zergling x12  
  43  10:30  Zergling x14  
  56  10:40  Spire  
  55  10:51  Zergling x4  
  55  10:52  Zergling x8  
  55  10:53  Zergling x8  
  55  10:57  Baneling x7  
  65  10:58  Baneling  
  65  11:23  Queen  
  67  11:28  Baneling  
  67  11:32  Ravager  
  68  11:34  Roach  
  68  11:35  Roach x6  
  68  11:36  Roach  
  68  11:38  Zergling x2  
  68  11:39  Zergling x6  
  88  12:00  Ravager  
  89  12:08  Baneling x4  
  89  12:22  Drone x2  
  91  12:23  Drone x7  
  91  12:24  Zergling x10  
  91  12:25  Zergling x8  
  91  12:26  Zergling x4  
  91  12:28  Corruptor  
  111  13:07  Overlord x6  
  111  13:08  Overlord  
  111  13:11  Glial Reconstitution  
  111  13:14  Ravager  
  111  13:17  Overlord x3  
  111  13:19  Overlord x2  
  112  13:30  Corruptor  
  114  13:39  Corruptor  
  115  14:10  Corruptor x3  
  121  14:33  Hydralisk Den  
  121  14:35  Corruptor x3  
  126  14:47  Corruptor x2  
  130  15:00  Corruptor x2  
  130  15:02  Corruptor  
  136  15:09  Corruptor  
  138  15:14  Corruptor  
  138  15:15  Corruptor x5  
  150  15:34  Infestation Pit  
  132  16:08  Corruptor x6  
  132  16:22  Corruptor x2  
  136  16:32  Hydralisk x2  
  137  16:59  Hydralisk  
  137  17:00  Hydralisk x7  
  153  17:13  Drone x6  
  159  17:42  Zergling x8  
  159  17:43  Zergling x10  
  161  17:59  Zergling x12  
  161  18:00  Zergling x6  
  128  18:21  Zergling x12  
  107  18:33  Hydralisk x5  
  107  18:34  Hydralisk x4  
  108  18:40  Corruptor  
  120  18:44  Drone x2  
  121  18:58  Drone x2  
  121  18:59  Drone x5  
  128  19:12  Corruptor  
  128  19:13  Corruptor  
  132  19:25  Corruptor  
  134  19:52  Corruptor x4  
  136  19:53  Corruptor  
  99  20:45  Corruptor x3  
  99  20:46  Corruptor x6  
  113  21:06  Hydralisk x3  
  119  21:19  Corruptor x2  
  119  21:20  Corruptor x4  
  116  21:54  Corruptor x7  
  126  22:01  Hive  
  126  22:05  Corruptor  
  127  22:42  Hydralisk x5, Drone x2  
  127  22:43  Hydralisk x3  
  145  23:02  Hydralisk x4  
  153  23:16  Queen  
Tags
 
Add a new tag
Caveats
  • Supply blocks, unpowered buildings, or Contaminate may cause inaccurate times.
  • Supply counts are checked every 10 seconds.